 Dungeon Crawl Stone Soup version 0.31-a0-1-g4198be8af4 (webtiles) character file.

Game seed: 1421015697736953427

401 retardedninja the Firebug (level 6, 0/44 HPs)
             Began as a Gnoll Fire Elementalist on May 2, 2023.
             Slain by a scorpion (7 damage)
             ... on level 4 of the Dungeon.
             The game lasted 00:06:38 (5035 turns).

retardedninja the Firebug (Gnoll Fire Elementalist) Turns: 5035, Time: 00:06:40

Health: 0/44       AC:  3    Str:  5 (8)  XL:     6   Next: 85%
Magic:  14/14      EV: 13    Int: 13 (16) God:
Gold:   276        SH:  0    Dex: 10 (12) Spells: 13/16 levels left

rFire   + . .        u - staff of fire
rCold   . . .        (no shield)
rNeg    . . .        a - +0 robe
rPois   .            (no helmet)
rElec   .            l - +0 cloak
rCorr   .            (no gloves)
SInv    .            (no boots)
Will    .....        (no amulet)
Stlth   +++          (no ring)
HPRegen 0.27/turn    (no ring)
MPRegen 0.14/turn

%: no passive effects
@: lethally poisoned (0 -> -1)
A: fangs 1, strong nose, distributed training
a: no special abilities


You were on level 4 of the Dungeon.
You visited 1 branch of the dungeon, and saw 5 of its levels.

You collected 276 gold pieces.

Inventory:

Hand Weapons
 q - a +3 flail of protection
Missiles
 v - 3 atropa-tipped darts
Armour
 a - a +0 robe (worn)
 l - a +0 cloak (worn)
Magical Staves
 u - a staff of fire (weapon)
Scrolls
 c - 2 scrolls of enchant weapon {unknown}
 d - 5 scrolls of identify {unknown}
 e - 3 scrolls of teleportation {unknown}
 j - a scroll of fog {unknown}
 k - 3 scrolls of fear {unknown}
 p - a scroll of enchant armour {unknown}
 r - 2 scrolls of noise {unknown}
 s - a scroll of blinking {unknown}
 x - 3 scrolls of magic mapping {unknown}
 y - a scroll of summoning {unknown}
Potions
 f - a potion of haste {unknown}
 g - a potion of mutation {unknown}
 h - a potion of degeneration
 i - a potion of ambrosia {unknown}
 m - a potion of resistance {unknown}
 n - 2 potions of lignification {unknown}
 o - 4 potions of heal wounds {unknown}
 t - 3 potions of curing {unknown}
 w - 2 potions of might {unknown}


   Skills:
 + Level 2.2 Fighting
 + Level 2.2 Short Blades
 + Level 2.2 Long Blades
 + Level 2.2 Axes
 + Level 2.2 Maces & Flails
 + Level 2.2 Polearms
 + Level 2.2 Staves
 + Level 2.2 Ranged Weapons
 + Level 2.2 Throwing
 + Level 2.2 Armour
 + Level 5.1 Dodging
 + Level 4.7 Stealth
 + Level 2.2 Shields
 + Level 2.2 Unarmed Combat
 + Level 5.5 Spellcasting
 + Level 2.8 Conjurations
 + Level 1.8 Hexes
 + Level 1.8 Summonings
 + Level 1.8 Necromancy
 + Level 1.8 Translocations
 + Level 1.8 Transmutations
 + Level 5.7 Fire Magic
 + Level 1.8 Ice Magic
 + Level 1.8 Air Magic
 + Level 1.8 Earth Magic
 + Level 1.8 Poison Magic
 + Level 2.4 Invocations
 + Level 2.2 Evocations


You had 13 spell levels left.
You knew the following spells:

 Your Spells              Type           Power      Damage    Failure   Level
a - Foxfire               Conj/Fire      88%        2x1d8     3%          1
b - Scorch                Fire           54%        2d7       2%          2

Your spell library contained the following spells:

 Spells                   Type           Power      Damage    Failure   Level
 Sandblast                Erth           16%        2d6       9%          1
 Inner Flame              Hex/Fire       20%        N/A       12%         3
 Volatile Blastmotes      Fire/Tloc      40%        2d13      12%         3
 Passwall                 Tmut/Erth      6%         N/A       13%         2
 Hailstorm                Conj/Ice       9%         3d4       21%         3
 Stone Arrow              Conj/Erth      18%        3d8       21%         3
 Flame Wave               Conj/Fire      22%        2d8       30%         4
 Ice Form                 Ice/Tmut       8%         N/A       63%         4
 Simulacrum               Ice/Necr       4%         N/A       100%        6


Dungeon Overview and Level Annotations

Branches:
Dungeon (5/15)
 Temple: D:4-7

Altars:
Makhleb
Qazlal
Sif Muna
Trog
Xom

Shops:
D:1 !   D:4 :

Annotations:
D:3 3 runed translucent doors, avangion's ghost, amateur GnCj


Innate Abilities, Weirdness & Mutations

You have very sharp teeth.
Your uncanny sense of smell can sniff out nearby items.
Your experience applies equally to all skills.


Message History

The hound barely misses you.
Casting: Scorch (safe; 1% risk of failure)
Confirm with . or Enter, or press ? or * to list all spells.
You feel a surge of power!
Flames lash the hound.
The hound is burned terribly!
The hound is almost dead.
The hound bites you.
The scorpion stings you but does no damage.
The scorpion closely misses you. The hound bites you but does no damage.
Casting: Scorch (safe; 1% risk of failure)
Confirm with . or Enter, or press ? or * to list all spells.
You don't have enough magic to cast this spell.
Unknown command.
Casting: Scorch (safe; 1% risk of failure)
Confirm with . or Enter, or press ? or * to list all spells.
You don't have enough magic to cast this spell.
The scorpion is no longer more vulnerable to fire.
The hound barely misses you. The hound misses you.
The hound attacks as you move away! The hound misses you.
The scorpion stings you. The scorpion attacks as you move away!
The scorpion stings you.
You are poisoned.
The scorpion poisons you!
You feel sick. The hound closely misses you.
You feel sick.
The hound is no longer more vulnerable to fire.
The hound bites you but does no damage. The scorpion closely misses you.
There is a stone staircase leading up here.
You feel sick. The hound bites you.
* * * LOW HITPOINT WARNING * * *
The scorpion stings you but does no damage.
The hound barely misses you.
You climb upwards.
You feel sick.
There is a stone staircase leading down here.
It was a potion of degeneration.
There was something very wrong with that liquid.
You feel weakened.
You feel dopey.
You feel clumsy.
You feel sick. The scorpion completely misses you.
The hound completely misses you. Magic courses through your body.
You feel sick. The scorpion stings you!
You die...

......# ####.####........>.####
P._.P.########.#........#.#..####
P...P.##.........##.##...........
PPPPP.##.#####|####.###.#..#..###
......##.### #....#........#(.#
#'''####...# ####.#####.......#
#........#.# ####.#####.####..#
##########.# #...h...##.####..#
#.# #..@....##.......# #.#
#..s..........#.## #.#
#........####.#.# #.#
#........####.#.#
#.###...)....##.....#
#.#..........##.#.###
#........###......#
####........######.###
#.............####.#


You could see a scorpion and a hound.

Vanquished Creatures
  A black bear (D:4)
  A howler monkey (D:5)
  An iguana (D:5)
  An orc wizard (D:2)
  16 adders
  2 worms (D:3)
  4 orcs
  4 endoplasms
  4 giant cockroaches
  5 goblins
  7 hobgoblins
  6 jackals
  4 quokkas
  8 ball pythons
  3 bats (D:2)
  3 kobolds
  5 rats
75 creatures vanquished.

Vanquished Creatures (others)
  352 foxfires
352 creatures vanquished.

Grand Total: 427 creatures vanquished

Notes
Turn   | Place    | Note
-------+----------+-------------------------------------------
     0 | D:1      | retardedninja the Gnoll Fire Elementalist began the quest
                  | for the Orb.
     0 | D:1      | Reached XP level 1. HP: 13/13 MP: 6/6
   247 | D:1      | Found Wifu Zoc's Distillery.
   261 | D:1      | Reached XP level 2. HP: 18/19 MP: 3/7
   498 | D:1      | Learned a level 2 spell: Scorch
  1030 | D:2      | Reached skill level 5 in Spellcasting
  1030 | D:2      | Reached XP level 3. HP: 25/25 MP: 1/9
  1169 | D:2      | Reached skill level 1 in Invocations
  1229 | D:2      | Reached skill level 1 in Fighting
  1229 | D:2      | Reached skill level 1 in Short Blades
  1229 | D:2      | Reached skill level 1 in Long Blades
  1229 | D:2      | Reached skill level 1 in Axes
  1229 | D:2      | Reached skill level 1 in Maces & Flails
  1229 | D:2      | Reached skill level 1 in Polearms
  1229 | D:2      | Reached skill level 1 in Staves
  1229 | D:2      | Reached skill level 1 in Ranged Weapons
  1229 | D:2      | Reached skill level 1 in Throwing
  1229 | D:2      | Reached skill level 1 in Armour
  1229 | D:2      | Reached skill level 1 in Shields
  1229 | D:2      | Reached skill level 1 in Unarmed Combat
  1229 | D:2      | Reached skill level 1 in Evocations
  1740 | D:2      | Reached XP level 4. HP: 25/32 MP: 8/11
  2380 | D:3      | Noticed avangion's ghost (amateur GnCj)
  2384 | D:3      | Found a runed translucent gate.
  2384 | D:3      | Found a runed translucent gate.
  2385 | D:3      | Found a runed translucent gate.
  2725 | D:3      | Reached skill level 1 in Hexes
  2725 | D:3      | Reached skill level 1 in Summonings
  2725 | D:3      | Reached skill level 1 in Necromancy
  2725 | D:3      | Reached skill level 1 in Translocations
  2725 | D:3      | Reached skill level 1 in Transmutations
  2725 | D:3      | Reached skill level 1 in Ice Magic
  2725 | D:3      | Reached skill level 1 in Air Magic
  2725 | D:3      | Reached skill level 1 in Earth Magic
  2725 | D:3      | Reached skill level 1 in Poison Magic
  3061 | D:3      | Reached XP level 5. HP: 37/37 MP: 10/12
  4155 | D:4      | Reached XP level 6. HP: 44/44 MP: 9/13
  4350 | D:4      | Found Pafa's Book Boutique.
  4380 | D:4      | Noticed a black bear
  4390 | D:4      | Killed a black bear
  4391 | D:4      | Reached skill level 5 in Dodging
  4552 | D:4      | Found a bloodstained altar of Trog.
  4670 | D:4      | Found a stormy altar of Qazlal.
  4724 | D:4      | Found a burning altar of Makhleb.
  4724 | D:4      | Noticed a blizzard demon
  4855 | D:4      | Found a shimmering blue altar of Sif Muna.
  4949 | D:4      | Found a shimmering altar of Xom.
  4974 | D:5      | Entered Level 5 of the Dungeon
  5035 | D:4      | Slain by a scorpion

Illustrated notes

Levels and vault maps discovered:
D:1:      giann_bridges, layout_rooms, serial_aquarium, aquarium_bridge_square
          [aquarium_subvault_bridge, aquarium_subvault_bridge,
          aquarium_subvault_bridge, aquarium_subvault_bridge],
          aquarium_bridge_straight [aquarium_subvault_bridge,
          aquarium_subvault_window, aquarium_subvault_bridge,
          aquarium_subvault_wall], aquarium_window_corridor_1,
          aquarium_window_fake, aquarium_window_1, aquarium_window_1,
          aquarium_view_2d, serial_shops, shop, hangedman_abyss_or_decor_stabs,
          nicolae_figureground_sparkle
D:2:      layout_loops_ring
D:3:      layout_rooms, gammafunk_ghost_split, chequers_garden,
          minmay_snake_closets
D:4:      layout_loops_cross, makhleb_altar_promises_db,
          mainiacjoe_overflow_alcove_4, mainiacjoe_overflow_small_starburst,
          grunt_qazlal_sundering, mainiacjoe_overflow_brackets, serial_shops,
          shop
D:5:      layout_rooms, nicolae_hexahallways, minmay_bent

Skill      XL: |  1  2  3  4  5  6 |
---------------+-------------------+-----
Conjurations   | 2 |  2.8
Spellcasting   | 5 |  5.5
Invocations    | 1 2 |  2.4
Fighting       | 1 2 |  2.2
Short Blades   | 1 2 |  2.2
Long Blades    | 1 2 |  2.2
Axes           | 1 2 |  2.2
Maces & Flails | 1 2 |  2.2
Polearms       | 1 2 |  2.2
Staves         | 1 2 |  2.2
Ranged Weapons | 1 2 |  2.2
Throwing       | 1 2 |  2.2
Armour         | 1 2 |  2.2
Shields        | 1 2 |  2.2
Unarmed Combat | 1 2 |  2.2
Evocations     | 1 2 |  2.2
Hexes          | 1 |  1.8
Summonings     | 1 |  1.8
Necromancy     | 1 |  1.8
Translocations | 1 |  1.8
Transmutations | 1 |  1.8
Ice Magic      | 1 |  1.8
Air Magic      | 1 |  1.8
Earth Magic    | 1 |  1.8
Poison Magic   | 1 |  1.8
Dodging        | 5 |  5.1
Stealth        | |  4.7
Fire Magic     | |  5.7

Action                     |  1- 3 |  4- 6 || total
---------------------------+-------+-------++-------
  Melee: Unarmed           |     5 |       ||     5
         Bite              |     1 |       ||     1
         Staff             |       |     1 ||     1
   Cast: Foxfire           |    82 |   131 ||   213
         Scorch            |     2 |    17 ||    19
    Use: Potion            |       |     2 ||     2
 Armour: Robe              |    15 |    12 ||    27
  Dodge: Dodged            |    40 |    60 ||   100

Table legend: (Time is in decaauts)
 A = Elapsed time spent in this place.
 B = Non-inter-level travel time spent in this place.
 C = Inter-level travel time spent in this place.
 D = Time resting spent in this place.
 E = Time spent auto-exploring this place.
 F = Levels seen in this place.
 G = Mean time per level.
                   A        B        C        D        E       F      G
               +--------+--------+--------+--------+--------+-----+--------+
         Total |   5035 |   4940 |     95 |    960 |   3300 |   5 | 1007.0 |
       Dungeon |   5035 |   4940 |     95 |    960 |   3300 |   5 | 1007.0 |
               +--------+--------+--------+--------+--------+-----+--------+

Top non-repeatable levels by time:
     D:2: 1604 daAuts
     D:3: 1453 daAuts
     D:1: 1005 daAuts
     D:4: 914 daAuts
     D:5: 58 daAuts
